 Dungeon Crawl Stone Soup version 0.30.1-3-gfc49f6343a (webtiles) character file.

Game seed: 13730872937427490613

1603 leafyfresh the Covert (level 8, -3/68 HPs)
             Began as a Gnoll Delver on Aug 4, 2023.
             Was an Elder of Elyvilon.
             Slain by an iguana (10 damage)
             ... on level 6 of the Dungeon.
             The game lasted 00:14:05 (9825 turns).

leafyfresh the Covert (Gnoll Delver)                Turns: 9825, Time: 00:14:05

Health: -3/68      AC:  3    Str:  9 (11) XL:     8   Next: 94%
Magic:  13/13      EV: 13    Int: 19      God:    Elyvilon [****..]
Gold:   311        SH:  0    Dex: 12 (13) Spells: 10/14 levels left

rFire   + . .        D - +1 falchion (heavy)
rCold   + . .        (no shield)
rNeg    . . .        b - +0 leather armour
rPois   +            (no helmet)
rElec   +            (no cloak)
rCorr   +            (no gloves)
SInv    +            (no boots)
Will    .....        (no amulet)
Stlth   ++++         F - +6 ring of intelligence
HPRegen 0.31/turn    f - ring of see invisible
MPRegen 0.13/turn

%: no passive effects
@: mighty, resistant
A: fangs 1, strong nose, distributed training, mutation resistance 1, poison
resistance
a: Renounce Religion, Purification, Heal Other, Heal Self


You were on level 6 of the Dungeon.
You worshipped Elyvilon.
Elyvilon was greatly pleased with you.
You visited 2 branches of the dungeon, and saw 7 of its levels.

You collected 311 gold pieces.

Inventory:

Hand Weapons
 a - a +0 short sword
 m - a +1 dagger of flaming
 n - a +0 sling
 q - a +2 mace of draining
 D - a +1 heavy falchion (weapon)
 G - a +2 whip of pain
 H - a +1 dagger of speed
Armour
 b - a +0 leather armour (worn)
Magical Staves
 o - a staff of death
Jewellery
 f - a ring of see invisible (right hand)
 F - a +6 ring of intelligence (left hand)
Wands
 g - a wand of digging (2)
Scrolls
 c - 3 scrolls of fog
 d - a scroll of magic mapping
 e - a scroll of teleportation {unknown}
 h - a scroll of acquirement {unknown}
 i - a scroll of silence {unknown}
 l - 3 scrolls of enchant weapon {unknown}
 p - 2 scrolls of identify {unknown}
 s - 2 scrolls of immolation {unknown}
 v - a scroll of poison {unknown}
 x - 2 scrolls of blinking {unknown}
 y - a scroll of enchant armour {unknown}
 I - a scroll of torment {unknown}
Potions
 j - a potion of attraction {unknown}
 k - 2 potions of degeneration
 u - a potion of mutation
 z - a potion of resistance
 B - a potion of invisibility {unknown}
 C - a potion of brilliance {unknown}
 E - a potion of flight {unknown}


   Skills:
 + Level 7.7 Fighting
 + Level 6.0 Short Blades
 + Level 3.8 Long Blades
 + Level 3.8 Axes
 + Level 3.8 Maces & Flails
 + Level 3.8 Polearms
 + Level 3.8 Staves
 + Level 3.8 Ranged Weapons
 + Level 3.8 Throwing
 + Level 3.8 Armour
 + Level 6.0 Dodging
 + Level 10.3 Stealth
 + Level 3.8 Shields
 + Level 3.8 Unarmed Combat
 + Level 3.8 Spellcasting
 + Level 3.1 Conjurations
 + Level 3.1 Hexes
 + Level 3.1 Summonings
 + Level 3.1 Necromancy
 + Level 3.1 Translocations
 + Level 3.1 Transmutations
 + Level 3.1 Fire Magic
 + Level 3.1 Ice Magic
 + Level 3.1 Air Magic
 + Level 3.1 Earth Magic
 + Level 3.1 Poison Magic
 + Level 4.2 Invocations
 + Level 3.8 Evocations


You had 10 spell levels left.
You knew the following spells:

 Your Spells              Type           Power      Damage    Failure   Level
a - Mephitic Cloud        Conj/Pois/Air  15%        N/A       16%         3
b - Foxfire               Conj/Fire      60%        2x1d7     5%          1

Your spell library contained the following spells:

 Spells                   Type           Power      Damage    Failure   Level
 Poisonous Vapours        Pois/Air       30%        N/A       8%          2
 Fireball                 Conj/Fire      7%         3d5       82%         5
 Freezing Cloud           Conj/Ice/Air   7%         6-21      82%         5
 Plasma Beam              Fire/Air       7%         2x1d20    100%        6
 Starburst                Conj/Fire      7%         6d4       100%        6


Dungeon Overview and Level Annotations

Branches:
Dungeon (6/15)             Temple (1/1) D:6

Altars:
Dithmenos
Elyvilon
Kikubaaqudgha
Makhleb
Nemelex Xobeh
Qazlal
Ru
Sif Muna
Trog
Uskayaw
Vehumet
Xom
Yredelemnul
The Shining One
Lugonu

Shops:
D:3 *


Innate Abilities, Weirdness & Mutations

You have very sharp teeth.
Your uncanny sense of smell can sniff out nearby items.
Your experience applies equally to all skills.
You are somewhat resistant to further mutation.
Your system is resistant to poisons. (rPois)


Message History

The sky beast flickers out of sight for a moment.
The sky beast hits you.
* * * LOW HITPOINT WARNING * * *
The sky beast shocks you.
* * * LOW HITPOINT WARNING * * *
Unknown command.
You feel better. The sky beast closely misses you.
Unknown command.
You feel better. The sky beast hits you.
* * * LOW HITPOINT WARNING * * *
The sky beast shocks you.
* * * LOW HITPOINT WARNING * * *
Unknown command.
You barely miss the sky beast.
The sky beast is moderately wounded.
The sky beast hits you.
* * * LOW HITPOINT WARNING * * *
The sky beast shocks you. Elyvilon protects you from harm!
The sky beast closely misses you.
You slash the sky beast! You bite the sky beast!
The sky beast is almost dead.
The sky beast barely misses you.
Unknown command.
You slash the sky beast!
You kill the sky beast!
The iguana barely misses you.
Unknown command.
It was a potion of resistance.
You feel protected. The iguana completely misses you.
Unknown command.
You slice the iguana!!
You kill the iguana!
The iguana misses you.
You feel your strength returning.
Unknown command.
You barely miss the iguana. You bite the iguana, but do no damage.
The iguana closely misses you. The iguana bites you!
You die...

# ## #. ### #. #.#
#####. #@# ###..###
#l# #.....## #.#
##.....#. #.#
#..###... #.# ###.#
#### #.#### ##...##
####.#..###.....## #
#........#.......###.
#...?....#...........


You could see an iguana.

Vanquished Creatures
  A water moccasin (D:5)
  A sky beast (D:6)
  2 ice beasts
  A black bear (D:6)
  3 ogres
  3 scorpions
  2 jellies (D:6)
  4 hounds
  5 orc priests
  3 iguanas
  3 orc wizards (D:5)
  8 adders
  A shadow imp (D:5)
  A white imp (D:6)
  An ufetubus (D:4)
  2 worms (D:2)
  A dart slug (D:1)
  19 orcs
  12 ball pythons
  6 endoplasms
  3 giant cockroaches
  9 goblins
  11 hobgoblins
  8 kobolds
  3 quokkas
  8 bats
  4 frilled lizards
  9 rats
134 creatures vanquished.

Vanquished Creatures (others)
  27 foxfires
27 creatures vanquished.

Grand Total: 161 creatures vanquished

Notes
Turn   | Place    | Note
-------+----------+-------------------------------------------
     0 | D:5      | Reached skill level 9 in Stealth
     0 | D:5      | leafyfresh the Gnoll Delver began the quest for the Orb.
     0 | D:5      | Reached XP level 1. HP: 23/23 MP: 1/1
    13 | D:5      | Noticed a water moccasin
    16 | D:5      | Killed a water moccasin
    17 | D:5      | Reached skill level 1 in Long Blades
    17 | D:5      | Reached skill level 1 in Axes
    17 | D:5      | Reached skill level 1 in Maces & Flails
    17 | D:5      | Reached skill level 1 in Polearms
    17 | D:5      | Reached skill level 1 in Staves
    17 | D:5      | Reached skill level 1 in Ranged Weapons
    17 | D:5      | Reached skill level 1 in Throwing
    17 | D:5      | Reached skill level 1 in Armour
    17 | D:5      | Reached skill level 1 in Shields
    17 | D:5      | Reached skill level 1 in Unarmed Combat
    17 | D:5      | Reached skill level 1 in Spellcasting
    17 | D:5      | Reached skill level 1 in Conjurations
    17 | D:5      | Reached skill level 1 in Hexes
    17 | D:5      | Reached skill level 1 in Summonings
    17 | D:5      | Reached skill level 1 in Necromancy
    17 | D:5      | Reached skill level 1 in Translocations
    17 | D:5      | Reached skill level 1 in Transmutations
    17 | D:5      | Reached skill level 1 in Fire Magic
    17 | D:5      | Reached skill level 1 in Ice Magic
    17 | D:5      | Reached skill level 1 in Air Magic
    17 | D:5      | Reached skill level 1 in Earth Magic
    17 | D:5      | Reached skill level 1 in Poison Magic
    17 | D:5      | Reached skill level 1 in Invocations
    17 | D:5      | Reached skill level 1 in Evocations
    17 | D:5      | Reached XP level 2. HP: 29/29 MP: 1/3
    17 | D:5      | Reached XP level 3. HP: 35/35 MP: 1/4
    17 | D:5      | Reached XP level 4. HP: 41/41 MP: 1/5
    67 | D:5      | Found a white marble altar of Elyvilon.
    73 | D:5      | Became a worshipper of Elyvilon the Healer
   151 | D:4      | Reached XP level 5. HP: 47/47 MP: 5/7
   278 | D:4      | Reached * piety under Elyvilon
   292 | D:4      | Noticed an ogre
   346 | D:3      | HP: 2/47 [iguana (12)]
   429 | D:3      | Found a faded altar of an unknown god.
   686 | D:3      | Found a faded altar of an unknown god.
   748 | D:3      | Found Tiekh's Assorted Antiques.
   770 | D:3      | Found an ancient bone altar of Kikubaaqudgha.
  1001 | D:3      | Reached XP level 6. HP: 53/53 MP: 8/8
  1406 | D:3      | Reached ** piety under Elyvilon
  1648 | D:2      | Reached skill level 5 in Short Blades
  1648 | D:2      | Reached skill level 5 in Dodging
  2395 | D:1      | Reached *** piety under Elyvilon
  3246 | D:4      | Elyvilon protects you from harm!
  3725 | D:4      | Elyvilon protects you from harm!
  3730 | D:4      | Reached XP level 7. HP: 4/60 MP: 10/10
  4371 | D:4      | Reached **** piety under Elyvilon
  4521 | D:5      | Found a bloodstained altar of Trog.
  5462 | D:5      | Reached skill level 10 in Stealth
  5885 | D:4      | Learned a level 3 spell: Mephitic Cloud
  5888 | D:4      | Learned a level 1 spell: Foxfire
  6947 | D:5      | Reached XP level 8. HP: 21/67 MP: 12/12
  7625 | D:5      | Found a stormy altar of Qazlal.
  7625 | D:5      | Found a sparkling altar of Nemelex Xobeh.
  8439 | D:5      | Gained mutation: You do not regenerate when monsters are
                  | visible. [potion of mutation]
  8439 | D:5      | Gained mutation: You passively map a small area around you.
                  | [potion of mutation]
  8441 | D:5      | HP: 3/67 [poisoned by a scorpion]
  8795 | D:5      | Lost mutation: You do not regenerate when monsters are
                  | visible. [potion of mutation]
  8795 | D:5      | Lost mutation: You passively map a small area around you.
                  | [potion of mutation]
  8795 | D:5      | Gained mutation: You are somewhat resistant to further
                  | mutation. [potion of mutation]
  8795 | D:5      | Gained mutation: Your system is resistant to poisons.
                  | (rPois) [potion of mutation]
  9206 | D:6      | Found a staircase to the Ecumenical Temple.
  9215 | Temple   | Entered the Ecumenical Temple
  9816 | D:6      | HP: 3/67 [sky beast (3)]
  9816 | D:6      | Elyvilon protects you from harm!
  9820 | D:6      | Elyvilon protects you from harm!
  9825 | D:6      | Slain by an iguana

Illustrated notes

Levels and vault maps discovered:
D:1:      onia_arrival_mini_spirals, layout_basic, minmay_small_reverse_x
D:2:      layout_loops_ring
D:3:      kb_forest_paths, layout_basic, nicolae_overflow_ecumenical_swirl,
          lemuel_round_altar, hellmonk_ecumenical_altar_heavens_door,
          serial_shops, shop
D:4:      layout_gridville
D:5:      layout_rooms, mainiacjoe_overflow_boulevard, marbit_many_paths,
          mainiacjoe_overflow_divided_tiny
D:6:      layout_cave_pools, nicolae_gozag_seed_capital, temple_hall,
          minmay_misc_feat_room, hex_tiny, hellmonk_bongcloud_opening,
          kennysheep_generic_room_6
Temple:   corrupted_temple

Skill      XL: |  1  2  3  4  5  6  7  8 |
---------------+-------------------------+-----
Stealth        | 10 | 10.3
Long Blades    | 1 2 3 |  3.8
Axes           | 1 2 3 |  3.8
Maces & Flails | 1 2 3 |  3.8
Polearms       | 1 2 3 |  3.8
Staves         | 1 2 3 |  3.8
Ranged Weapons | 1 2 3 |  3.8
Throwing       | 1 2 3 |  3.8
Armour         | 1 2 3 |  3.8
Shields        | 1 2 3 |  3.8
Unarmed Combat | 1 2 3 |  3.8
Spellcasting   | 1 2 3 |  3.8
Conjurations   | 1 2 3 |  3.1
Hexes          | 1 2 3 |  3.1
Summonings     | 1 2 3 |  3.1
Necromancy     | 1 2 3 |  3.1
Translocations | 1 2 3 |  3.1
Transmutations | 1 2 3 |  3.1
Fire Magic     | 1 2 3 |  3.1
Ice Magic      | 1 2 3 |  3.1
Air Magic      | 1 2 3 |  3.1
Earth Magic    | 1 2 3 |  3.1
Poison Magic   | 1 2 3 |  3.1
Invocations    | 1 2 3 4 |  4.2
Evocations     | 1 2 3 |  3.8
Short Blades   | 5 6 |  6.0
Dodging        | 5 6 |  6.0
Fighting       | 7 |  7.7

Action                     |  1- 3 |  4- 6 |  7- 9 || total
---------------------------+-------+-------+-------++-------
  Melee: Short sword       |     1 |    59 |       ||    60
         Bite              |       |    25 |    24 ||    49
         Dagger            |       |   182 |   183 ||   365
         Punch             |       |     5 |     8 ||    13
         Falchion          |       |       |    57 ||    57
   Cast: Foxfire           |       |       |    17 ||    17
         Mephitic Cloud    |       |       |     5 ||     5
  Evoke: Wand              |       |       |     1 ||     1
    Use: Scroll            |       |     1 |     3 ||     4
         Potion            |       |       |    12 ||    12
   Stab: Sleeping          |     1 |    37 |    12 ||    50
         Distracted        |       |     1 |       ||     1
         Confused          |       |       |     2 ||     2
 Armour: Leather armour    |       |    21 |    26 ||    47
  Dodge: Dodged            |       |    94 |   165 ||   259
